 Dungeon Crawl Stone Soup version 0.27.1-4-g1640c2035a (webtiles) character file.

Game seed: 10157698741470236103

6311 astroknot the Fighter (level 10, 0/90 HPs)
             Began as a Green Draconian Hunter on Nov 11, 2021.
             Was a Believer of Makhleb.
             Slain by a death knight (29 damage)
             ... on level 8 of the Dungeon.
             The game lasted 00:45:54 (10607 turns).

astroknot the Fighter (Green Draconian Hunter)     Turns: 10607, Time: 00:45:55

Health: 0/90       AC:  9    Str: 17    XL:     10   Next: 64%
Magic:  14/14      EV: 14    Int: 12    God:    Makhleb [**....]
Gold:   465        SH:  0    Dex: 12    Spells: 12/14 levels left

rFire    . . .     SeeInvis +   y - +5 halberd (elec)
rCold    + . .     Faith    .   (shield currently unavailable)
rNeg     . . .     Spirit   .   (armour unavailable)
rPois    +         Reflect  .   (helmet restricted)
rElec    .         Harm     .   A - +0 cloak
rCorr    .         Rampage  .   (no gloves)
Will     +....                  f - +0 pair of boots
Stlth    +++.......             g - amulet of regeneration
HPRegen  2.25/turn              C - ring of willpower
MPRegen  0.14/turn              s - ring of see invisible

@: studying Conjurations
A: breathe noxious fumes, AC +7, unfitting armour, poison resistance,
cold-blooded, horns 1, cold resistance 1, regeneration 1
a: Breathe Noxious Fumes, Renounce Religion, Minor Destruction


You were on level 8 of the Dungeon.
You worshipped Makhleb.
Makhleb was pleased with you.
You visited 2 branches of the dungeon, and saw 10 of its levels.
You also visited: Sewer and Bailey.

You collected 465 gold pieces.

Inventory:

Hand Weapons
 a - a +1 hand crossbow
 u - a +0 flail
 v - a +0 scimitar
 y - a +5 halberd of electrocution (weapon)
 I - a +2 falchion of protection
 O - a +1 broad axe of freezing
Missiles
 c - 61 bolts
 i - 240 stones
 j - 39 poisoned darts (quivered)
 r - 7 boomerangs of dispersal
 F - 75 boomerangs
 G - 2 throwing nets
Armour
 f - a +0 pair of boots (worn)
 A - a +0 cloak (worn)
Jewellery
 g - an amulet of regeneration (around neck)
 s - a ring of see invisible (right hand)
 C - a ring of willpower (left hand)
Wands
 t - a wand of flame (64)
 B - a wand of iceblast (13)
 D - a wand of acid (11)
 N - a wand of polymorph (6)
Scrolls
 d - a scroll of blinking {unknown}
 k - a scroll of vulnerability {unknown}
 l - 2 scrolls of summoning {unknown}
 p - 2 scrolls of enchant armour
 q - 3 scrolls of noise {unknown}
 z - 3 scrolls of immolation {unknown}
 J - 2 scrolls of teleportation {unknown}
 K - 2 scrolls of amnesia {unknown}
 P - a scroll of identify
Potions
 b - a potion of resistance {unknown}
 e - a potion of flight {unknown}
 h - 3 potions of brilliance
 m - a potion of lignification
 n - 3 potions of haste
 o - 2 potions of mutation
 w - 4 potions of magic
 x - a potion of invisibility
 E - 5 potions of curing
 H - a potion of attraction {unknown}
 L - a potion of cancellation {unknown}


   Skills:
 * Level 8.4 Fighting
 - Level 2.2(4.2) Short Blades
 - Level 5.5(5.8) Long Blades
 + Level 2.6 Polearms
 - Level 5.4 Crossbows
 + Level 5.8 Dodging
 + Level 7.2 Stealth
 + Level 2.9 Spellcasting
 + Level 4.3 Conjurations
 * Level 4.7 Invocations


You had 12 spell levels left.
You knew the following spells:

 Your Spells              Type           Power      Damage    Failure   Level
a - Foxfire               Conj/Fire      24%        2x1d5     11%         1
b - Beastly Appendage     Tmut           2%         N/A       26%         1

Your spell library contained the following spells:

 Spells                   Type           Power      Damage    Failure   Level
 Conjure Flame            Conj/Fire      6%         6-21      30%         3
 Wereblood                Tmut           1%         N/A       36%         2
 Inner Flame              Hex/Fire       1%         N/A       58%         3
 Spider Form              Tmut/Pois      0%         N/A       58%         3


Dungeon Overview and Level Annotations

Branches:
Dungeon (9/15)             Temple (1/1) D:6            Lair (0/6) D:9
    Orc (0/2) D:9           Sewer (visited)          Bailey (visited)

Altars:
Cheibriados
Dithmenos
Elyvilon
Fedhas
Gozag
Kikubaaqudgha
Makhleb
Nemelex Xobeh
Okawaru
Qazlal
Ru
Trog
Uskayaw
Vehumet
Wu Jian
Xom
Yredelemnul


Innate Abilities, Weirdness & Mutations

You can breathe blasts of noxious fumes.
Your lurid green scales are hard. (AC +7)
You cannot fit into any form of body armour.
Your system is resistant to poisons. (rPois)
You are cold-blooded and may be slowed by cold attacks.
You have a pair of small horns on your head.
Your flesh is cold resistant. (rC+)
Your natural rate of healing is unusually fast.


Message History

The death knight hits you with a +0 morningstar!
* * * LOW HITPOINT WARNING * * *
You feel much better. The death knight barely misses you.
You hit the death knight. Your headbutt misses the death knight.
The death knight is heavily wounded.
The death knight hits you with a +0 morningstar!
* * * LOW HITPOINT WARNING * * *
You hit the death knight. You headbutt the death knight.
The death knight is heavily wounded.
The death knight hits you with a +0 morningstar.
* * * LOW HITPOINT WARNING * * *
The death knight hits you with a +0 morningstar!!
* * * LOW HITPOINT WARNING * * *
You feel much better. The death knight closely misses you.
You feel much better.
The death knight hits you with a +0 morningstar!
You slash the death knight!
The death knight is severely wounded.
The death knight misses you.
You hit the death knight but do no damage.
The death knight is severely wounded.
The death knight hits you with a +0 morningstar!
Press: ? - help, Shift-Dir - straight line, f - death knight
Aim: a death knight, wielding a +0 morningstar and wearing a +0 chain mail (severely wounded)
The zap misses the death knight. x2; The zap misses you.
The death knight completely misses you.
Unknown command.
Press: ? - help, Shift-Dir - straight line, f/p - death knight
Aim: a death knight, wielding a +0 morningstar and wearing a +0 chain mail (severely wounded)
The puff of flame hits the death knight but does no damage.
The death knight is severely wounded.
The death knight hits you with a +0 morningstar!
Unknown command.
You puncture the death knight!
Lightning courses through the death knight!
Your headbutt misses the death knight.
The death knight is almost dead.
The death knight hits you with a +0 morningstar.
The death knight hits you with a +0 morningstar!!
You die...

...#..............##.....######..
#.........#...............# #..
#.........#.......##..#...#######
..............#####...###..##..#.
#..............##.#....##..##....
#................................
.............##.................#
............>##.................#
##.......##[[##p@...........##..#
#....##..................##.....
###....###...#<...###.##.##.....
##.)....#...#...###.....#......
#..........##..................
##.....(..#....................
#.#..#.###.............#....#.
######## ##.......#....##...#.
#......##...####..##


You could see a death knight.

Vanquished Creatures
  Harold (D:6)
  A hornet (D:7)
  Grinder (D:3)
  Sigmund (D:3)
  A wraith (D:8)
  2 wyverns (D:9)
  A warg (D:9)
  A water moccasin (D:5)
  2 sky beasts
  2 ice beasts (D:6)
  6 orc warriors
  Duvessa (D:7)
  3 necrophages
  A hornet zombie (D:5)
  4 ogres
  4 centaurs
  A phantom (D:5)
  3 kobold brigands
  7 bullfrogs
  A wyvern zombie (D:7)
  2 water moccasin skeletons
  Dowan (D:7)
  A killer bee (D:8)
  A vampire bat (D:5)
  A howler monkey (D:8)
  A quasit (Sewer)
  A hound (D:6)
  2 gnoll shamans
  3 jellies
  A bullfrog skeleton (D:7)
  3 centaur zombies
  4 orc priests
  Jessica (D:2)
  Natasha (thrice) (D:4)
  An iguana (D:5)
  3 orc wizards
  A howler monkey zombie (D:6)
  24 gnolls
  A howler monkey skeleton (D:4)
  12 adders
  7 shadow imps
  7 ufetubi
  An adder zombie (Sewer)
  An adder skeleton (D:4)
  2 worms
  3 dart slugs
  3 fire bats (D:5)
  15 orcs
  2 spectral bats (D:5)
  3 bat skeletons (D:5)
  A bat zombie (D:5)
  4 endoplasms
  4 giant cockroaches
  17 goblins
  14 hobgoblins
  6 quokkas
  7 ball pythons
  20 bats
  A bat simulacrum (D:5)
  3 frilled lizards
  A giant cockroach zombie (Sewer)
  36 kobolds
  A kobold zombie (Sewer)
  6 rats
276 creatures vanquished.

Notes
Turn   | Place    | Note
-------+----------+-------------------------------------------
     0 | D:1      | astroknot the Draconian Hunter began the quest for the Orb.
     0 | D:1      | Reached XP level 1. HP: 17/17 MP: 1/1
    70 | D:1      | Reached skill level 1 in Stealth
    94 | D:1      | Reached XP level 2. HP: 25/25 MP: 2/2
   761 | D:1      | Reached skill level 1 in Short Blades
   761 | D:1      | Reached XP level 3. HP: 30/30 MP: 3/3
  1167 | D:2      | Found a faded altar of an unknown god.
  1197 | D:2      | Noticed Jessica
  1204 | D:2      | Killed Jessica
  1205 | D:2      | Reached XP level 4. HP: 35/37 MP: 4/4
  1346 | D:2      | Found a stormy altar of Qazlal.
  1511 | D:2      | Reached skill level 3 in Fighting
  2157 | D:3      | Noticed Sigmund
  2166 | D:3      | Gained mutation: You have a pair of small horns on your
                  | head. [potion of mutation]
  2166 | D:3      | Gained mutation: Your large and strong wings let you fly.
                  | [potion of mutation]
  2166 | D:3      | Gained mutation: You are clumsy. (Dex -2) [potion of
                  | mutation]
  2166 | D:3      | Gained mutation: Your spells are a little harder to cast,
                  | but a little more powerful. [potion of mutation]
  2197 | D:3      | Killed Sigmund
  2198 | D:3      | Reached XP level 5. HP: 10/45 MP: 5/5
  2198 | D:3      | Reached XP level 6. HP: 11/51 MP: 6/6
  2498 | D:3      | Learned a level 1 spell: Foxfire
  2678 | D:3      | Noticed Grinder
  2692 | D:3      | Killed Grinder
  2693 | D:3      | Reached skill level 4 in Fighting
  2693 | D:3      | Reached skill level 1 in Long Blades
  3274 | D:4      | Reached skill level 1 in Conjurations
  3274 | D:4      | Your scales start taking on a lurid green colour.
  3274 | D:4      | Reached XP level 7. HP: 59/59 MP: 7/7
  3274 | D:4      | Gained mutation: Your system is resistant to poisons.
                  | (rPois) [Green Draconian growth]
  3299 | D:4      | Noticed Natasha
  3309 | D:4      | Killed Natasha
  3410 | D:4      | Noticed Natasha
  3418 | D:4      | Killed Natasha
  3422 | D:4      | You are sucked into a shaft and drop 1 floor!
  3422 | D:5      | Entered Level 5 of the Dungeon
  3453 | D:5      | Found a glowing drain.
  3465 | Sewer    | Entered a sewer
  3678 | Sewer    | Found a burning altar of Makhleb.
  4204 | D:4      | Noticed Natasha
  4218 | D:4      | Killed Natasha
  4915 | D:4      | Reached XP level 8. HP: 56/67 MP: 8/8
  5134 | D:5      | Reached skill level 5 in Fighting
  5322 | D:5      | Reached skill level 5 in Crossbows
  5424 | D:5      | Reached skill level 5 in Stealth
  6042 | D:6      | Reached skill level 6 in Fighting
  6191 | D:6      | Reached XP level 9. HP: 59/75 MP: 9/9
  6720 | D:6      | Lost mutation: Your large and strong wings let you fly.
                  | [potion of mutation]
  6720 | D:6      | Lost mutation: You are clumsy. (Dex -2) [potion of
                  | mutation]
  6720 | D:6      | Lost mutation: You have a pair of small horns on your head.
                  | [potion of mutation]
  6720 | D:6      | Lost mutation: Your spells are a little harder to cast, but
                  | a little more powerful. [potion of mutation]
  6720 | D:6      | Gained mutation: Your natural rate of healing is unusually
                  | fast. [potion of mutation]
  6720 | D:6      | Gained mutation: You have a pair of small horns on your
                  | head. [potion of mutation]
  6720 | D:6      | Gained mutation: Your flesh is cold resistant. (rC+)
                  | [potion of mutation]
  6822 | D:6      | Found a staircase to the Ecumenical Temple.
  6839 | Temple   | Entered the Ecumenical Temple
  7058 | Temple   | Became a worshipper of Makhleb the Destroyer
  7565 | D:7      | Reached skill level 1 in Invocations
  7628 | D:7      | Learned a level 1 spell: Beastly Appendage
  7712 | D:7      | Reached skill level 5 in Long Blades
  7712 | D:7      | Reached skill level 1 in Spellcasting
  7846 | D:7      | Noticed Harold
  7902 | D:6      | Killed Harold
  7902 | D:6      | Reached * piety under Makhleb
  7903 | D:6      | Reached skill level 7 in Fighting
  7903 | D:6      | Reached skill level 1 in Polearms
  7903 | D:6      | Reached skill level 5 in Dodging
  8124 | D:7      | Found an ornate altar of the Wu Jian Council.
  8127 | D:7      | Found an opulent altar of Gozag.
  8142 | D:7      | Reached XP level 10. HP: 79/86 MP: 12/12
  8194 | D:7      | Noticed Dowan
  8196 | D:7      | Noticed Duvessa
  8201 | D:7      | Killed Dowan
  8211 | D:7      | Killed Duvessa
  8711 | D:8      | Found a flagged portal.
  8739 | Bailey   | Entered a bailey
  9111 | Bailey   | Reached ** piety under Makhleb
  9325 | Bailey   | Acquired a manual of Conjurations
 10151 | D:9      | Found a staircase to the Lair.
 10202 | D:9      | Reached skill level 8 in Fighting
 10279 | D:9      | Found a staircase to the Orcish Mines.
 10582 | D:9      | Noticed a death knight
 10600 | D:8      | HP: 4/90 [death knight (21)]
 10607 | D:8      | Slain by a death knight

Illustrated notes

Levels and vault maps discovered:
D:1:      lemuel_arrival_tunnels, layout_loops_ring, serial_park_tiny_pond
D:2:      layout_loops_ring, chequers_ecumenical_altar_island, basic_altar,
          st_stairs_10, uniq_jessica
D:3:      layout_basic, nrook_campfire, chequers_arboretum,
          chequers_serial_rivers_marsh, uniq_grinder, uniq_sigmund
D:4:      layout_cave_pods, uniq_natasha
D:5:      layout_loops_cross, portal_sewer_entry_d, goddamned_bats
D:6:      layout_loops_ring, minmay_temple_entry_arrows,
          minmay_fractal_squares_5
D:7:      layout_loops_ring, grunt_temple_overflow_open, uniq_harold,
          uniq_duvessa
D:8:      layout_cave_pools, enter_bailey_3
D:9:      minmay_the_grid_net [minmay_the_grid_zigzag_pyramid,
          minmay_the_grid_tree, minmay_the_grid_small_cups, minmay_the_grid_fan,
          minmay_the_grid_minigrid_large, minmay_the_grid_prize_four_corners],
          layout_basic, mainiacjoe_overflow_alcove_1, lair_entry_dummy,
          david_orc_3, serial_undead, serial_undead_c, serial_undead_b,
          serial_undead_e, serial_undead_e, gammafunk_ghost_arena,
          grunt_potential, uniq_psyche
Temple:   regret_index_temple_generic_petals

Skill      XL: |  1  2  3  4  5  6  7  8  9 10 |
---------------+-------------------------------+-----
Stealth        | 1 2 3 4 5 6 7 |  7.2
Dodging        | 2 3 4 5 |  5.8
Short Blades   | 1 2 |  2.2
Fighting       | 3 4 6 7 8 |  8.4
Crossbows      | 4 5 |  5.4
Long Blades    | 1 2 4 5 |  5.5
Conjurations   | 1 2 3 4 |  4.3
Invocations    | 3 4 |  4.7
Spellcasting   | 1 2 |  2.9
Polearms       | 1 2 |  2.6

Action                   |  1- 3 |  4- 6 |  7- 9 | 10-12 || total
-------------------------+-------+-------+-------+-------++-------
Melee: Short sword       |    96 |    77 |       |       ||   173
       Tailslap          |    11 |     5 |    60 |    31 ||   107
       Headbutt          |       |     7 |    77 |    37 ||   121
       Scythe            |       |     7 |       |       ||     7
       Long sword        |       |     2 |   372 |    28 ||   402
       Dagger            |       |       |    43 |       ||    43
       Falchion          |       |       |       |   135 ||   135
       Halberd           |       |       |       |    48 ||    48
 Fire: Hand crossbow     |    16 |    46 |   146 |    75 ||   283
Throw: Dart              |     2 |     3 |     4 |       ||     9
Invok: Minor Destruction |       |       |       |     4 ||     4
  Use: Scroll            |       |     2 |     8 |     1 ||    11
       Potion            |       |     2 |     2 |     7 ||    11
 Stab: Sleeping          |     3 |     1 |     3 |     2 ||     9
Armor: Skin              |    31 |    29 |   178 |    89 ||   327
Dodge: Dodged            |    62 |    45 |   388 |   218 ||   713
       Rpst.: Long sword |       |     1 |    89 |     2 ||    92
       Falchion          |       |       |       |    33 ||    33
